 Dungeon Crawl Stone Soup version 0.22-a0-425-g89d60a1 (webtiles) character file.

9038 tilp the Spear-Bearer (level 11, -6/77 HPs)
             Began as a Merfolk Ice Elementalist on May 24, 2018.
             Was a Priest of Makhleb.
             Mangled by a minotaur (14 damage)
             ... in a labyrinth.
             The game lasted 01:18:46 (22462 turns).

tilp the Spear-Bearer (Merfolk Ice Elementalist)   Turns: 22462, Time: 01:18:47

Health: -6/77      AC: 14    Str:  8    XL:     11   Next: 40%
Magic:  2/17       EV: 15    Int: 18    God:    Makhleb [***...]
Gold:   565        SH:  0    Dex: 15    Spells: 2/18 levels left

rFire    . . .     SeeInvis .   a - +2 trident (protect)
rCold    . . .     Gourm    .   (no shield)
rNeg     . . .     Faith    +   x - +3 leather armour
rPois    .         Spirit   .   (no helmet)
rElec    .         Reflect  .   (no cloak)
rCorr    .         Harm     .   s - +0 pair of gloves
MR       .....                  (no boots)
Stlth    ++........             n - amulet of faith
HPRegen  0.22/turn              f - ring of flight
MPRegen  0.15/turn              (no ring)

@: icy armour, very slightly contaminated
A: change form in water, swift swim, stealthy swim
a: Minor Destruction, Lesser Servant of Makhleb, Renounce Religion, Evoke Flight


You were in a labyrinth.
You worshipped Makhleb.
Makhleb was most pleased with you.
You were not hungry.

You visited 3 branches of the dungeon, and saw 12 of its levels.
You also visited: Labyrinth and Bailey.

You collected 565 gold pieces.

Inventory:

Hand Weapons
 a - a +2 trident of protection (weapon)
 j - a cursed +1 halberd
 m - a +5 scimitar
Missiles
 u - 46 tomahawks of returning (quivered)
 C - 2 javelins
Armour
 s - a +0 pair of gloves (worn)
 x - a +3 leather armour (worn)
 z - the +1 chain mail of Valour {MR+++ rCorr Str-5 Int-4}
   (You took it off a kobold in a bailey)

   It affects your strength (-5).
   It affects your intelligence (-4).
   It affects your resistance to hostile enchantments.
   It protects you from acid and corrosion.
 P - a +0 robe
Magical Staves
 b - an uncursed staff of power
 h - a cursed staff of death {unknown}
Jewellery
 e - an uncursed ring of fire {unknown}
 f - a ring of flight (left hand)
 n - an amulet of faith (around neck)
Wands
 r - a wand of enslavement (25)
 B - a wand of digging (8)
Scrolls
 d - 5 scrolls of remove curse
 k - 2 scrolls of teleportation
 p - 2 scrolls of enchant weapon
 t - a scroll of amnesia
 N - a scroll of brand weapon {unknown}
Potions
 i - 6 potions of mutation
 l - 3 potions of flight
 o - a potion of lignification
 K - a potion of might {unknown}
 L - 2 potions of degeneration {unknown}
Comestibles
 c - 8 rations


   Skills:
 - Level 4.1 Fighting
 + Level 14.5 Polearms
 - Level 6.3 Dodging
 - Level 2.1 Stealth
 - Level 4.0 Spellcasting
 - Level 2.4 Conjurations
 - Level 4.2 Charms
 - Level 10.0 Ice Magic
 + Level 3.5 Air Magic
 - Level 4.0 Evocations


You had 2 spell levels left.
You knew the following spells:

 Your Spells              Type           Power        Failure   Level  Hunger
a - Freeze                Ice            ####         1%          1    None
b - Throw Frost           Conj/Ice       ####..       2%          2    ##.....
c - Ozocubu's Armour      Chrm/Ice       ####....     3%          3    ###....
d - Throw Icicle          Conj/Ice       ####....     16%         4    ####...
e - Summon Ice Beast      Ice/Summ       ###.....     26%         4    ####...
f - Swiftness             Chrm/Air       ###.....     7%          2    ##.....

Your spell library contained the following spells:

 Spells                   Type           Power        Failure   Level  Hunger
 Fireball                 Conj/Fire      #.........   98%         5    ######.
 Conjure Flame            Conj/Fire      #.......     36%         3    ###....
 Lightning Bolt           Conj/Air       ##........   86%         5    ######.
 Confuse                  Hex            #.......     54%         3    ###....
 Throw Flame              Conj/Fire      #.....       19%         2    ##.....
 Sticky Flame             Conj/Fire      #.......     77%         4    ####...
 Tukima's Dance           Hex            #.......     54%         3    ###....
 Shock                    Conj/Air       ##..         6%          1    None
 Airstrike                Air            ###.......   45%         4    ####...
 Flame Tongue             Conj/Fire      #....        13%         1    None
 Ensorcelled Hibernation  Hex/Ice        ###...       4%          2    ##.....
 Static Discharge         Conj/Air       ##......     19%         3    ###....
 Corona                   Hex            #......      22%         1    None
 Inner Flame              Hex/Fire       #.......     54%         3    ###....
 Dazzling Spray           Conj/Hex       #.....       36%         3    ###....


Dungeon Overview and Level Annotations

Branches:
Dungeon (10/15)            Temple (1/1) D:6            Lair (1/6) D:8
    Orc: D:9-12

Altars:
Ashenzari
Cheibriados
Dithmenos
Elyvilon
Fedhas
Gozag
Hepliaklqana
Kikubaaqudgha
Makhleb
Nemelex Xobeh
Okawaru
Qazlal
Sif Muna
Trog
Uskayaw
Vehumet
Wu Jian
Xom
Yredelemnul
Zin
The Shining One

Annotations:
D:6 CapnJeff's ghost, novice DESu
D:7 artifact battleaxe behind tough glass
D:10 !tengu warrior, invis stalker, Erolcha
Lair:1 exclusion: oklob plant


Message History

As you read the scroll of fog, it crumbles to dust.
The scroll dissolves into smoke.
Casting: Freeze (safe; 1% risk of failure)
Confirm with . or Enter, or press ? or * to list all spells.
Aiming: Freeze (safe; 1% risk of failure)
Press: ? - help, Shift-Dir - straight line, f/p - minotaur
Aim: a minotaur, wearing a plate armour (black smoke, heavily wounded)
You freeze the minotaur.
The minotaur is heavily wounded.
The minotaur hits you but does no damage.
The minotaur gores you!
* * * LOW HITPOINT WARNING * * *
You completely miss the minotaur.
The minotaur is heavily wounded.
Casting: Freeze (safe; 1% risk of failure)
Confirm with . or Enter, or press ? or * to list all spells.
A film of ice covers your body!
The minotaur hits you but does no damage.
The minotaur gores you!
You die...

#. (.... #.
# # # . # #
###H #..
..#
#######.##
##
#.......#
###§###.###
#@H§..#(#
######## #
# # #


You could see a minotaur.

Vanquished Creatures
  A hydra (Lair:1)
  A two-headed ogre (D:10)
  Pikel (D:7)
  A komodo dragon (D:8)
  4 hippogriffs
  2 wyverns (D:8)
  A basilisk (D:8)
  Edmund (D:6)
  A porcupine (Lair:1)
  A swamp drake (D:8)
  13 orc warriors
  2 slaves (D:8)
  An ice beast (D:8)
  A sky beast (D:7)
  5 centaurs
  A necrophage (D:8)
  6 ogres
  4 crocodiles
  3 big kobolds
  5 bullfrogs
  6 scorpions
  5 killer bees (D:10)
  5 howler monkeys
  8 wights
  3 crimson imps
  5 hounds
  A gnoll shaman (D:5)
  5 jellies
  8 orc wizards
  6 orc priests
  A centaur skeleton (D:8)
  10 worker ants
  A killer bee zombie (D:6)
  A hound zombie (D:10)
  A howler monkey skeleton (D:7)
  5 adders
  7 gnolls
  A shadow imp (D:5)
  2 oozes (D:1)
  An adder skeleton (D:8)
  3 worms
  A dart slug (D:1)
  4 leopard geckos
  35 orcs
  9 giant cockroaches
  11 goblins
  13 hobgoblins
  4 jackals
  6 quokkas
  4 ball pythons
  5 bats
  5 frilled lizards
  27 kobolds
  A leopard gecko skeleton (D:3)
  A leopard gecko zombie (D:6)
  A quokka skeleton (D:5)
  4 rats
271 creatures vanquished.

Vanquished Creatures (others)
  A slave (D:8)
  A hound (D:8)
  2 orc priests (D:8)
  An orc wizard (D:8)
  A killer bee zombie (D:8)
  A leopard gecko (D:8)
  7 orcs (D:8)
14 creatures vanquished.

Grand Total: 285 creatures vanquished

Notes
Turn   | Place    | Note
-------+----------+-------------------------------------------
     0 | D:1      | tilp the Merfolk Ice Elementalist began the quest for the Orb.
     0 | D:1      | Reached XP level 1. HP: 13/13 MP: 3/3
   282 | D:1      | Reached XP level 2. HP: 19/19 MP: 0/5
   820 | D:1      | Learned a level 2 spell: Throw Frost
   974 | D:1      | Reached XP level 3. HP: 22/24 MP: 3/6
   979 | D:1      | Learned a level 3 spell: Ozocubu's Armour
  1802 | D:2      | Reached skill level 5 in Ice Magic
  2338 | D:2      | You fall through a shaft!
  2451 | D:3      | Reached XP level 4. HP: 25/30 MP: 5/7
  4094 | D:4      | Reached XP level 5. HP: 22/35 MP: 0/8
  4403 | D:4      | Noticed a phantom
  4643 | D:4      | Noticed a phantom
  4753 | D:4      | Noticed an ice beast
  5036 | D:4      | Noticed an ogre
  5204 | D:5      | Entered Level 5 of the Dungeon
  5304 | D:5      | Noticed an ice beast
  5627 | D:5      | Found a radiant altar of Vehumet.
  5637 | D:5      | Reached skill level 1 in Fighting
  5637 | D:5      | Reached XP level 6. HP: 29/43 MP: 4/9
  5836 | D:5      | Noticed an ice beast
  7166 | D:5      | Reached XP level 7. HP: 53/54 MP: 10/10
  7539 | D:5      | Reached skill level 5 in Dodging
  8163 | D:6      | Noticed Edmund
  8225 | D:6      | Noticed CapnJeff's ghost (novice DESu)
  8628 | D:5      | Reached XP level 8. HP: 55/60 MP: 12/12
  8732 | D:6      | Killed Edmund
  9176 | D:6      | Reached skill level 1 in Charms
  9301 | D:6      | Found a staircase to the Ecumenical Temple.
  9369 | Temple   | Entered the Ecumenical Temple
  9502 | Temple   | Became a worshipper of Makhleb the Destroyer
 10662 | D:6      | Reached skill level 1 in Conjurations
 11076 | D:6      | Reached skill level 1 in Evocations
 11333 | D:7      | Found a flagged portal.
 11484 | Bailey   | Entered a bailey
 11495 | Bailey   | Noticed an orc knight
 11641 | Bailey   | Noticed an orc knight
 12483 | Bailey   | Reached XP level 9. HP: 41/65 MP: 15/15
 12652 | Bailey   | Reached * piety under Makhleb
 13113 | Bailey   | Got a scorched chain mail
 13845 | D:7      | Found a shimmering altar of Xom.
 13846 | D:7      | Found a shimmering altar of Xom.
 13846 | D:7      | Found a shimmering altar of Xom.
 13847 | D:7      | Found a shimmering altar of Xom.
 14925 | D:7      | Reached skill level 10 in Ice Magic
 15032 | D:8      | Reached skill level 1 in Polearms
 15042 | D:8      | Noticed Pikel
 15055 | D:7      | Killed Pikel
 15055 | D:7      | Reached skill level 6 in Polearms
 15055 | D:7      | Reached XP level 10. HP: 71/71 MP: 4/16
 15437 | D:8      | Learned a level 4 spell: Throw Icicle
 15442 | D:8      | Learned a level 4 spell: Summon Ice Beast
 15450 | D:8      | Reached ** piety under Makhleb
 15549 | D:8      | Reached skill level 7 in Polearms
 15770 | D:8      | Found an opulent altar of Gozag.
 15833 | D:8      | Reached skill level 8 in Polearms
 16221 | D:8      | Reached skill level 9 in Polearms
 16456 | D:8      | Reached skill level 10 in Polearms
 16707 | D:8      | Found a staircase to the Lair.
 17352 | D:9      | Reached skill level 11 in Polearms
 17889 | D:9      | Reached skill level 12 in Polearms
 17893 | D:9      | Reached *** piety under Makhleb
 18832 | D:9      | Identified the cursed +1 chain mail of Valour {MR+++ rCorr Str-5 Int-4} (You took it off a kobold in a bailey)
 18906 | D:10     | Entered Level 10 of the Dungeon
 18938 | D:10     | Reached skill level 13 in Polearms
 19224 | D:10     | Learned a level 2 spell: Swiftness
 19331 | D:10     | Noticed a two-headed ogre
 19335 | D:10     | Reached XP level 11. HP: 77/77 MP: 6/17
 19346 | D:10     | Killed a two-headed ogre
 19842 | D:10     | Noticed Erolcha
 20228 | D:10     | Noticed a tengu warrior
 20363 | D:10     | Reached skill level 14 in Polearms
 20385 | D:10     | Reached **** piety under Makhleb
 21083 | Lair:1   | Entered Level 1 of the Lair of Beasts
 21374 | Lair:1   | Noticed an oklob plant
 21407 | Lair:1   | Noticed an eight-headed hydra
 21416 | Lair:1   | Killed an eight-headed hydra
 21417 | Lair:1   | Found a labyrinth entrance.
 21426 | Lab      | Entered a labyrinth
 22316 | Lab      | Noticed a minotaur
 22462 | Lab      | Mangled by a minotaur

Vault maps used:
D:1:      nzn_arrival_water_spiral
D:2:      serial_bayou_ford_a
D:3:      first_ration, minivault_11
D:5:      basic_altar, minivault_4, grunt_ministairs_8,
          minmay_tree_intersection, cheibrodos_gnoll_hut
D:6:      temple_doors_e, uniq_edmund
D:7:      enter_bailey_8, xom_redecorated
D:8:      nicolae_ru_the_path_less_chosen, erik_lair_dragon, basic_altar,
          uniq_pikel
D:10:     grunt_tengu_nest, grunt_ministairs_8, minmay_evil_grid, uniq_erolcha
Temple:   kilobyte_greek_temple
Lair:1:   lab_entry_generic, beast_lair_carwin_11, minmay_lair_oklob_chamber,
          serial_bayou_shore_b
Bailey:   bailey_axe_4, bailey

Skill      XL: |  1  2  3  4  5  6  7  8  9 10 11 |
---------------+----------------------------------+-----
Ice Magic      | 4 5 6 7 10 | 10.0
Fighting       | 1 4 |  4.1
Dodging        | 3 6 |  6.3
Spellcasting   | 3 4 |  4.0
Charms         | 4 |  4.2
Conjurations   | 2 |  2.4
Evocations     | 3 4 |  4.0
Polearms       | 6 13 14 | 14.5
Air Magic      | 3 |  3.5
Stealth        | |  2.1

Action                   |  1- 3 |  4- 6 |  7- 9 | 10-12 || total
-------------------------+-------+-------+-------+-------++-------
Melee: Unarmed           |     4 |       |       |       ||     4
       Dagger            |    35 |    57 |    42 |    64 ||   198
       Staff             |       |    17 |   190 |    24 ||   231
       Spear             |       |       |       |     8 ||     8
       Trident           |       |       |       |    64 ||    64
Throw: Stone             |    23 |     5 |     3 |       ||    31
       Tomahawk          |       |       |     4 |     7 ||    11
 Cast: Freeze            |    52 |    70 |   199 |   263 ||   584
       Ozocubu's Armour  |     3 |    13 |    55 |    44 ||   115
       Throw Frost       |     2 |    11 |    92 |   108 ||   213
Invok: Minor Destruction |       |       |       |     2 ||     2
       Lesser Servant of |       |       |       |     4 ||     4
Evoke: Wand              |       |       |    29 |     4 ||    33
  Use: Scroll            |       |     7 |    11 |     8 ||    26
       Potion            |       |       |     5 |     4 ||     9
 Stab: Sleeping          |     7 |     6 |       |     1 ||    14
       Invisible         |       |       |       |    10 ||    10
  Eat: Chunk             |     3 |     8 |     7 |    20 ||    38
       Ration            |     1 |     3 |     8 |     3 ||    15
Armor: Robe              |    19 |    27 |    92 |    38 ||   176
       Leather armour    |       |       |       |    40 ||    40
       Skin              |       |       |       |    37 ||    37
Dodge: Dodged            |    56 |    85 |   380 |   284 ||   805

Table legend:
 A = Spawn XP
 B = Non-spawn XP
 C = Spawn XP percentage of total XP
 D = Spawn monster count
 E = Non-spawn monster count
 F = Spawn count percentage of total count
 G = Total turns spent on level
                    A         B        C        D         E        F      G
               +---------+---------+-------+---------+---------+-------+---------
         Total |       0 |   12912 |   0.0 |       0 |     269 |   0.0 | 22462
               +---------+---------+-------+---------+---------+-------+---------
           D:1 |       0 |      54 |   0.0 |       0 |      25 |   0.0 |  1768
           D:2 |       0 |      27 |   0.0 |       0 |      11 |   0.0 |  1407
           D:3 |       0 |      26 |   0.0 |       0 |      15 |   0.0 |   885
           D:4 |       0 |     422 |   0.0 |       0 |      12 |   0.0 |  2594
           D:5 |       0 |     576 |   0.0 |       0 |      21 |   0.0 |  2293
           D:6 |       0 |     990 |   0.0 |       0 |      20 |   0.0 |  2020
           D:7 |       0 |    1815 |   0.0 |       0 |      26 |   0.0 |  1914
           D:8 |       0 |    2138 |   0.0 |       0 |      25 |   0.0 |  2116
           D:9 |       0 |    1914 |   0.0 |       0 |      51 |   0.0 |  1904
          D:10 |       0 |    2617 |   0.0 |       0 |      31 |   0.0 |  1890
        Lair:1 |       0 |    1607 |   0.0 |       0 |       7 |   0.0 |   343
        Bailey |       0 |     726 |   0.0 |       0 |      25 |   0.0 |  2123
               +---------+---------+-------+---------+---------+-------+---------
